 Dungeon Crawl Stone Soup version 0.30-a0-728-gc68057be0a (webtiles) character file.

Game seed: 12022632388961745186

78758 Dittersdorf the Tortoise (level 15, -2/102 (103) HPs)
             Began as a Gargoyle Fighter on Jan 30, 2023.
             Was the Champion of Okawaru.
             Killed by divine providence
             ... invoked by an orc priest
              (13 damage)
             ... on level 2 of the Orcish Mines.
             The game lasted 00:37:36 (20281 turns).

Dittersdorf the Tortoise (Gargoyle Fighter)        Turns: 20281, Time: 00:37:37

HP:   -2/102 (103)  AC: 54    Str: 26    XL:     15   Next: 61%
MP:   15/15         EV: 13    Int: 11    God:    Okawaru [******]
Gold: 1946          SH:  8    Dex: 12    Spells: 14/14 levels left

rFire   + + .      SeeInvis .    b - +9 mace of the Unseen Realm {venom, rPois Will+ Str-4 Dex+3}
rCold   . . .      Faith    .    c - +0 buckler
rNeg    + + .      Spirit   .    A - +10 plate armour "Milog" {Fly Regen+ MP-9 Str+5}
rPois   ∞          Reflect  .    w - +1 helmet
rElec   +          Harm     .    B - +4 cloak "Visuupro" {rF+ rCorr Stlth-}
rCorr   +          Rampage  .    u - +0 pair of gloves of the Earth {Stlth+}
Will    ++...                    M - +0 pair of boots Stlth
                                 k - amulet of magic regeneration
HPRegen 1.17/turn                J - +4 ring of protection
MPRegen 0.54/turn                K - ring "Deqath" {rF+ rN+ rCorr MP+9 EV+5}

@: flying, studying Armour, lightly drained
A: sickness immunity, AC +11, big wings, negative energy resistance 1,
electricity resistance, torment resistance 1, petrification resistance
a: Renounce Religion, Heroism, Finesse, Duel


You were on level 2 of the Orcish Mines.
You worshipped Okawaru.
Okawaru was exalted by your worship.
You visited 4 branches of the dungeon, and saw 20 of its levels.
You also visited: Ossuary and Volcano.

You collected 3342 gold pieces.
You spent 1396 gold pieces at shops.

Inventory:

Hand Weapons
 b - the +9 mace of the Unseen Realm (weapon) {venom, rPois Will+ Str-4 Dex+3}
   (Okawaru gifted it to you on level 1 of the Lair of Beasts)

   Str:       It affects your strength (-4).
   Dex:       It affects your dexterity (+3).
   rPois:     It protects you from poison.
   Will:      It increases your willpower.
 O - a +1 morningstar of draining
Missiles
 r - 6 throwing nets
 z - 5 curare-tipped darts (quivered)
Armour
 c - a +0 buckler (worn)
 u - the +0 pair of gloves of the Earth (worn) {Stlth+}
   (You found it on level 4 of the Dungeon)

   Stlth:     It makes you more stealthy.
 w - a +1 helmet (worn)
 A - the +10 plate armour "Milog" (worn) {Fly Regen+ MP-9 Str+5}
   (You bought it in a shop on level 8 of the Dungeon)

   Str:       It affects your strength (+5).
   MP:        It affects your magic capacity (-9).
   Fly:       It grants you flight.
   Regen:     It increases your rate of health regeneration.
 B - the +4 cloak "Visuupro" (worn) {rF+ rCorr Stlth-}
   (You bought it in a shop on level 8 of the Dungeon)

   rF:        It protects you from fire.
   rCorr:     It protects you from acid and corrosion.
   Stlth:     It makes you less stealthy.
 M - a +0 pair of boots (worn)
Jewellery
 a - a ring of see invisible
 k - an amulet of magic regeneration (around neck)
 m - a ring of positive energy
 t - a ring of resist corrosion
 v - a ring of willpower
 F - a +6 ring of strength
 J - a +4 ring of protection (left hand)
 K - the ring "Deqath" (right hand) {rF+ rN+ rCorr MP+9 EV+5}
   (You found it on level 4 of the Lair of Beasts)

   [ring of evasion]

   EV:        It affects your evasion (+5).
   rF:        It protects you from fire.
   rN:        It protects you from negative energy.
   MP:        It affects your magic capacity (+9).
   rCorr:     It protects you from acid and corrosion.
 L - the ring "Jyeqom" {Fire Dex+4}
   (You found it on level 5 of the Lair of Beasts)

   [ring of fire]

   It enhances your fire magic.
   Dex:       It affects your dexterity (+4).
   rF:        It protects you from fire.
   rC:        It makes you vulnerable to cold.
Scrolls
 e - 12 scrolls of teleportation
 g - 2 scrolls of identify
 j - 2 scrolls of brand weapon
 n - 2 scrolls of poison
 y - 2 scrolls of silence
 D - 2 scrolls of blinking
 E - 2 scrolls of fear
 G - a scroll of magic mapping
 I - 2 scrolls of enchant weapon
Potions
 d - 5 potions of might
 f - 3 potions of magic
 h - 3 potions of berserk rage
 i - 2 potions of cancellation
 o - 5 potions of resistance
 p - 3 potions of invisibility
 q - 5 potions of mutation
 s - 5 potions of heal wounds
 x - 7 potions of curing
 C - 4 potions of haste
 H - 3 potions of brilliance


   Skills:
 + Level 15.3 Fighting
 + Level 14.0 Maces & Flails
 + Level 15.7 Armour
 + Level 15.4 Shields


You had 14 spell levels left.
You didn't know any spells.
Your spell library contained the following spells:

 Spells                   Type           Power      Damage    Failure   Level
 Foxfire                  Conj/Fire      0%         2x1d4     95%         1
 Lesser Beckoning         Tloc           0%         N/A       99%         2
 Passwall                 Tmut/Erth      0%         N/A       99%         2
 Searing Ray              Conj           0%         2d4       99%         2
 Gell's Gravitas          Tloc           0%         N/A       100%        3
 Teleport Other           Tloc           0%         N/A       100%        3
 Vhi's Electric Charge    Tloc/Air       0%         N/A       100%        3
 Anguish                  Hex/Necr       0%         N/A       100%        4
 Arcjolt                  Conj/Air       0%         1d10      100%        5
 Borgnjor's Vile Clutch   Necr/Erth      0%         N/A       100%        5
 Enfeeble                 Hex            0%         N/A       100%        7
 Maxwell's Capacitive Co  Air            0%         ∞         100%        8
 Animate Dead             Necr           Unusable   N/A       N/A         4
 Death Channel            Necr           Unusable   N/A       N/A         6
 Spellforged Servitor     Conj/Summ      Unusable   N/A       N/A         7

Dungeon Overview and Level Annotations

Branches:
Dungeon (12/15)            Temple (1/1) D:6            Lair (5/5) D:8
  Swamp (0/4) Lair:2       Spider (0/4) Lair:2        Slime (0/5) Lair:4
    Orc (2/2) D:12            Elf (0/3) Orc:2       Ossuary (visited)
Volcano (visited)

Altars:
Ashenzari
Cheibriados
Dithmenos
Elyvilon
Fedhas
Gozag
Hepliaklqana
Kikubaaqudgha
Makhleb
Nemelex Xobeh
Okawaru
Qazlal
Ru
Sif Muna
Trog
Uskayaw
Vehumet
Wu Jian
Xom
Yredelemnul
Zin
The Shining One
Jiyva

Shops:
D:2 :   D:5 **   D:8 (:[(   D:9 [   D:10 :

Annotations:
D:9 2 runed translucent doors
Orc:2 Donald


Innate Abilities, Weirdness & Mutations

You are immune to sickness and miasma.
Your stone body is resilient. (AC +11)
You are immune to poison.
Your large and strong wings let you fly.
You resist negative energy. (rN+)
You are resistant to electric shocks. (rElec)
You are resistant to unholy torment.
You are immune to petrification.


Message History

You block the orc knight's attack.
You hit the orc wizard but do no damage.
The orc wizard is poisoned.
The soul eater hits you!
The orc knight hits you but does no damage.
The orc wizard hits you but does no damage.
The orc priest invokes the aid of Beogh against you.
Beogh smites you!
* * * LOW HITPOINT WARNING * * *
You sock the orc wizard!
You kill the orc wizard!
Okawaru accepts your kill.
The soul eater disappears in a puff of smoke!
The orc seems to regain its courage.
The orc knight barely misses you. You block the orc's attack.
An orc warrior comes into view. It is wielding a +0 trident.
Items here: $ ))))) [[[ ††.
You hit the orc knight.
The orc knight looks as sick as possible!
The orc knight is heavily wounded.
Donald hits you with a +0 broad axe!
* * * LOW HITPOINT WARNING * * *
You sock the orc knight!
The orc knight looks as sick as possible!
The orc knight is severely wounded.
You block the orc warrior's attack.
The orc knight roars a battlecry!
The orcs go into a battle-frenzy!
The orc knight roars a battlecry!
The orcs go into a battle-frenzy!
The orc sorcerer casts a spell.
Donald completely misses you.
You sock the orc knight!
The orc knight looks as sick as possible!
The orc knight is severely wounded.
You feel like a meek peon again. Donald hits you but does no damage.
An orc sorcerer comes into view. It is wielding a +0 dagger.
The orc priest mumbles some strange prayers to Beogh against you.
Beogh smites you!
You die...

## ### ##. ##.## ###.. ##
#...##### ##.#.. .#.## ##.#.##.##
##..... #....# ###4o.ooo..#
##.#.... #....##...ooo...##
#...#... ..#........44ooo##
#..#.... ............o#o@@#
##....... .........o.ooo#o####
####........
.........#oooo###..###..#.......#
........@ooo{###...............##
........oooo##.................#.
........o#o......................
....................#.#.#..#....[
...............#....########.....
###.....############# ##.#....


You could see Donald (fast, strong), 2 orc knights, 2 orange demons, a chaos
spawn (summoned), 2 orc sorcerers, 4 orc warriors, 3 orc priests, an orc wizard
(strong) and 7 orcs.

Vanquished Creatures
  2 deep elf elementalists (Orc:1)
  An orc warlord (Orc:2)
  A quicksilver ooze (shapeshifter) (D:9)
  A stone giant (Orc:1)
  A dire elephant (Lair:5)
  A deep elf annihilator (Orc:1)
  A deep elf demonologist (Orc:1)
  5 hydras
  Harold (D:11)
  A centaur warrior (D:11)
  A catoblepas (Lair:5)
  An ogre mage (Volcano)
  A tengu warrior (D:9)
  A boulder beetle (Lair:1)
  8 two-headed ogres
  6 death yaks
  2 orc high priests (Orc:2)
  Nergalle (D:11)
  A hell knight (Volcano)
  Lodul (D:11)
  An orb spider (Lair:2)
  3 deep elf pyromancers
  Pikel (D:3)
  4 orc knights
  2 orc sorcerers
  A lindwurm (Lair:5)
  The ghost of Hamu the Firebug, a novice DsFE of Vehumet (D:5)
  A deep elf zephyrmancer (Orc:1)
  3 manticores
  3 cyclopes
  3 ugly things
  11 elephants
  2 moths of wrath (Orc:1)
  Maurice (D:11)
  2 black mambas (Lair:5)
  8 cane toads
  A gargoyle (D:12)
  Psyche (D:8)
  3 rime drakes
  9 komodo dragons
  A kobold demonologist (D:10)
  A yaktaur (shapeshifter) (D:12)
  A silent spectre (Orc:1)
  6 trolls
  Grinder (D:3)
  19 blink frogs
  3 hornets
  24 dream sheep
  Sigmund (D:3)
  3 shadows
  39 yaks
  7 slime creatures
  2 wraiths (D:9)
  6 fire bats (Volcano)
  A vampire (D:9)
  6 wyverns
  3 basilisks
  2 steam dragons
  8 vampire mosquitoes
  4 swamp worms (Lair:4)
  4 acid dragons
  18 water moccasins
  3 ice beasts
  2 sky beasts
  2 black bears
  16 ogres
  17 orc warriors
  16 wolves
  5 centaurs
  3 lemures (D:3)
  3 phantoms
  4 kobold brigands
  14 bullfrogs
  5 scorpions
  3 necrophages
  A gnoll sergeant (D:9)
  4 wights
  14 killer bees
  5 howler monkeys
  7 lava snakes (Volcano)
  16 orc priests
  A jelly (Lair:3)
  2 gnoll boudas
  An iron imp (D:8)
  Jessica (D:2)
  Terence (D:2)
  19 orc wizards
  12 iguanas
  6 hell rats (Lair:2)
  8 mummies (Ossuary)
  Robin (D:2)
  10 gnolls
  8 adders
  A white imp (D:5)
  3 worms
  2 dart slugs
  75 orcs
  7 ball pythons
  9 endoplasms
  4 giant cockroaches
  A gnoll zombie (Ossuary)
  14 goblins
  14 hobgoblins
  8 jackals
  A quokka (D:3)
  5 bats
  4 frilled lizards
  4 hobgoblin zombies (Ossuary)
  9 kobolds
  2 kobold zombies (Ossuary)
  An orc zombie (Ossuary)
  5 rats
  2 briar patches (Lair:4)
  A butterfly (Lair:3)
641 creatures vanquished.

Vanquished Creatures (others)
  4 briar patches (Lair:4)
  A butterfly (D:3)
  3 fungi
  15 plants
23 creatures vanquished.

Grand Total: 664 creatures vanquished

Notes
Turn   | Place    | Note
-------+----------+-------------------------------------------
     0 | D:1      | Dittersdorf the Gargoyle Fighter began the quest for the
                  | Orb.
     0 | D:1      | Reached XP level 1. HP: 14/14 MP: 1/1
    19 | D:1      | You fall into a shaft and drop 1 floor!
   154 | D:1      | Reached XP level 2. HP: 6/19 MP: 2/2
   461 | D:1      | Reached XP level 3. HP: 23/23 MP: 3/3
   928 | D:2      | Noticed Robin
   988 | D:1      | Reached XP level 4. HP: 19/29 MP: 4/4
  1122 | D:2      | Killed Robin
  1291 | D:2      | Noticed Jessica
  1313 | D:2      | Killed Jessica
  1421 | D:2      | Reached XP level 5. HP: 33/33 MP: 5/5
  1511 | D:2      | Noticed Terence
  1527 | D:2      | Killed Terence
  1626 | D:2      | Found Huligg's Book Boutique.
  2095 | D:3      | Noticed Grinder
  2107 | D:3      | Paralysed by Grinder for 2 turns
  2126 | D:3      | Paralysed by Grinder for 4 turns
  2132 | D:3      | Paralysed by Grinder for 2 turns
  2149 | D:3      | Killed Grinder
  2150 | D:3      | Reached XP level 6. HP: 7/40 MP: 6/6
  2357 | D:3      | Found a shimmering altar of Xom.
  2420 | D:3      | Found a blossoming altar of Fedhas.
  2427 | D:3      | Noticed Sigmund
  2594 | D:3      | Reached skill level 5 in Fighting
  2594 | D:3      | Reached skill level 5 in Armour
  2594 | D:3      | Reached skill level 5 in Shields
  3010 | D:3      | Killed Sigmund
  3011 | D:3      | Reached XP level 7. HP: 24/44 MP: 7/7
  3508 | D:3      | Found a white marble altar of Elyvilon.
  3783 | D:4      | Noticed Pikel
  3845 | D:3      | Killed Pikel
  3846 | D:3      | Reached skill level 5 in Maces & Flails
  3846 | D:3      | Reached XP level 8. HP: 16/51 MP: 8/8
  4129 | D:4      | Identified the +0 pair of gloves of the Earth {Stlth+}
  4876 | D:5      | Entered Level 5 of the Dungeon
  4876 | D:5      | Found Cuwifana's Specific Store.
  4881 | D:5      | Found Onwoy's General Store.
  4918 | D:5      | Reached XP level 9. HP: 46/56 MP: 9/9
  5039 | D:5      | Found a hide-covered altar of Uskayaw.
  5571 | D:5      | Found a runed translucent gate.
  5571 | D:5      | Found a runed translucent gate.
  5571 | D:5      | Found a runed translucent gate.
  5576 | D:5      | Identified the +3 scale mail of Amorality {rN+ Str+3}
  5576 | D:5      | Noticed Hamu's ghost (novice DsFE)
  5970 | D:6      | Identified a scroll of acquirement
  5970 | D:6      | Acquired 694 gold pieces
  6077 | D:6      | Found a staircase to the Ecumenical Temple.
  6085 | Temple   | Entered the Ecumenical Temple
  6515 | D:6      | Found a sparkling altar of Nemelex Xobeh.
  6936 | D:7      | Got the Spellbook of Flashy Teratogeny
  7001 | D:7      | Found an iron altar of Okawaru.
  7007 | D:7      | Became a worshipper of Warmaster Okawaru
  7272 | D:7      | Reached XP level 10. HP: 64/64 MP: 10/10
  7442 | D:7      | Found a stormy altar of Qazlal.
  7838 | D:8      | Noticed Psyche
  7943 | D:8      | Found a snail-covered altar of Cheibriados.
  7971 | D:8      | Found a sand-covered staircase.
  8003 | D:7      | HP: 3/65 [yak (2)]
  8005 | D:7      | HP: 1/65 [yak (3)]
  8016 | D:7      | Reached * piety under Okawaru
  8082 | Ossuary  | Entered an ossuary
  8964 | D:8      | Killed Psyche
  9135 | D:8      | Found Vybledesch's Antique Weapon Shoppe.
  9139 | D:8      | Found Qeseihet's Antique Weapon Shoppe.
  9140 | D:8      | Found Vumini's Armour Shoppe.
  9140 | D:8      | Found Tomao's Book Shoppe.
  9152 | D:8      | Bought the +10 plate armour "Milog" {Fly Regen+ MP-9 Str+5}
                  | for 884 gold pieces
  9152 | D:8      | Bought the +4 cloak "Visuupro" {rF+ rCorr Stlth-} for 512
                  | gold pieces
  9284 | D:8      | Reached ** piety under Okawaru
  9310 | D:8      | Found a shadowy altar of Dithmenos.
  9313 | D:8      | Found an ornate altar of the Wu Jian Council.
  9316 | D:8      | Found a glowing silver altar of Zin.
  9319 | D:8      | Found a sacrificial altar of Ru.
  9368 | D:8      | Found a staircase to the Lair.
  9408 | D:8      | Noticed a two-headed ogre
  9454 | D:8      | Killed a two-headed ogre
  9458 | D:8      | Reached *** piety under Okawaru
  9459 | D:8      | Reached XP level 11. HP: 50/71 MP: 2/11
  9713 | D:9      | Found a large runed translucent door.
  9714 | D:9      | Found a large runed translucent door.
  9735 | D:9      | Noticed a green ugly thing
  9751 | D:9      | Killed a green ugly thing
  9804 | D:9      | Noticed a tengu warrior
  9805 | D:9      | a cane toad changed into a shining eye
  9805 | D:9      | Noticed a shining eye (shapeshifter)
  9827 | D:9      | Found Urew's Armour Boutique.
  9874 | D:9      | Reached skill level 10 in Armour
  9889 | D:9      | Reached skill level 10 in Fighting
  9889 | D:9      | Reached skill level 10 in Shields
  9951 | D:9      | Found a bloodstained altar of Trog.
  9967 | D:9      | Reached **** piety under Okawaru
 10187 | D:9      | Found a large runed translucent door.
 10187 | D:9      | Found a large runed translucent door.
 10451 | D:9      | Found a basalt altar of Yredelemnul.
 10690 | D:9      | Noticed a radroach
 10717 | D:10     | Entered Level 10 of the Dungeon
 10802 | D:10     | Found a broken altar of Ashenzari.
 10890 | D:10     | Reached ***** piety under Okawaru
 10892 | D:10     | Found Faomeer's Book Shoppe.
 11171 | D:10     | Received a gift from Okawaru
 11199 | D:10     | Noticed a two-headed hydra
 11206 | D:10     | Killed a two-headed hydra
 11367 | D:10     | Found an opulent altar of Gozag.
 11696 | D:5      | Killed Hamu's ghost
 11830 | D:9      | Noticed a quicksilver ooze
 11862 | D:9      | Killed a quicksilver ooze
 11863 | D:9      | Reached XP level 12. HP: 56/80 MP: 3/12
 11878 | D:9      | Killed a tengu warrior
 11879 | D:9      | Reached skill level 10 in Maces & Flails
 11943 | Lair:1   | Entered Level 1 of the Lair of Beasts
 12003 | Lair:1   | Noticed a boulder beetle
 12054 | Lair:1   | Killed a boulder beetle
 12274 | Lair:1   | Noticed a death yak
 12296 | Lair:1   | Killed a death yak
 12296 | Lair:1   | Identified the +9 mace of the Unseen Realm {venom, rPois
                  | Will+ Str-4 Dex+3} (Okawaru gifted it to you on level 1 of
                  | the Lair of Beasts)
 12296 | Lair:1   | Received a gift from Okawaru
 12322 | Lair:1   | Noticed a death yak
 12334 | Lair:1   | Killed a death yak
 12371 | Lair:1   | Noticed a death yak
 12382 | Lair:1   | Killed a death yak
 12941 | Lair:2   | Found a staircase to the Swamp.
 13084 | Lair:2   | Found a hole to the Spider Nest.
 13096 | Lair:2   | Identified the +0 hat of Theory {*Corrode Str+2 Dex+2}
                  | (Okawaru gifted it to you on level 2 of the Lair of Beasts)
 13096 | Lair:2   | Received a gift from Okawaru
 13234 | Lair:2   | Reached XP level 13. HP: 86/86 MP: 4/13
 13528 | Lair:2   | Identified the amulet of Suicidal Tendencies {RegenMP rElec
                  | rC- Dex+5}
 13704 | Lair:3   | Reached ****** piety under Okawaru
 14268 | Lair:4   | Found a transporter.
 14369 | Lair:4   | Found a transporter.
 14573 | Lair:3   | Identified the +0 ring mail "Weck" {-Tele rPois rC- rCorr}
                  | (Okawaru gifted it to you on level 3 of the Lair of Beasts)
 14573 | Lair:3   | Received a gift from Okawaru
 14669 | Lair:4   | Found a staircase to the Slime Pits.
 14669 | Lair:4   | Found a viscous altar of Jiyva.
 15288 | Lair:4   | Identified the +2 cloak of the Fife {Str+2}
 15291 | Lair:4   | Identified the ring "Deqath" {rF+ rN+ rCorr MP+9 EV+5}
 15325 | Lair:5   | Entered Level 5 of the Lair of Beasts
 15464 | Lair:5   | Identified the ring "Jyeqom" {Fire Dex+4}
 15556 | Lair:5   | Gained mutation: Your large and strong wings let you fly.
                  | [Gargoyle growth]
 15556 | Lair:5   | Reached XP level 14. HP: 94/94 MP: 14/14
 15715 | Lair:5   | Found a dark tunnel.
 15720 | Volcano  | Entered a volcano
 15953 | Volcano  | Found a burning altar of Makhleb.
 15975 | Volcano  | Identified the +2 pair of boots of Elitism {Harm rPois rN+
                  | Will+}
 16000 | Volcano  | Found a burning altar of Makhleb.
 16128 | Lair:5   | Found a shimmering altar of Xom.
 16254 | Lair:5   | Received a gift from Okawaru
 16470 | Lair:5   | Noticed a dire elephant
 16490 | Lair:5   | Killed a dire elephant
 17253 | D:11     | Noticed Lodul
 17281 | D:11     | Killed Lodul
 17666 | D:11     | Noticed Maurice
 17672 | D:11     | Killed Maurice
 17681 | D:11     | Noticed Nergalle
 17699 | D:11     | Killed Nergalle
 17734 | D:11     | Noticed Harold
 17748 | D:11     | Killed Harold
 17898 | D:12     | Reached XP level 15. HP: 97/101 MP: 15/15
 18000 | D:12     | Received a gift from Okawaru
 18096 | D:12     | Found a staircase to the Orcish Mines.
 18406 | Orc:1    | Entered Level 1 of the Orcish Mines
 18943 | Orc:1    | Found a transporter.
 19204 | Orc:1    | Found a transporter.
 19204 | Orc:1    | Found a runed translucent door.
 19204 | Orc:1    | Found a bloodstained altar of Trog.
 19204 | Orc:1    | Found the +8 Wrath of Trog {antimagic, *Rage Rampage}
 19262 | Orc:1    | Reached skill level 15 in Shields
 19341 | Orc:1    | Noticed a deep elf elementalist
 19360 | Orc:1    | Reached skill level 15 in Armour
 19369 | Orc:1    | Noticed a deep elf elementalist
 19384 | Orc:1    | Reached skill level 15 in Fighting
 19420 | Orc:1    | Identified the +6 great sword "Earthworm" {venom, rN+}
 19421 | Orc:1    | Identified the +2 plate armour of Repulsion {rF+ Int+4
                  | Stlth-}
 19495 | Orc:1    | Killed a deep elf elementalist
 19506 | Orc:1    | Killed a deep elf elementalist
 19511 | Orc:1    | Received a gift from Okawaru
 19558 | Orc:1    | Paralysed by an orc sorcerer for 2 turns
 19724 | Orc:2    | Entered Level 2 of the Orcish Mines
 19924 | Orc:2    | Found a staircase to the Elven Halls.
 20198 | Orc:2    | Noticed an orc warlord
 20228 | Orc:2    | Killed an orc warlord
 20262 | Orc:2    | Noticed Donald
 20281 | Orc:2    | Killed from afar by an orc priest

Illustrated notes

Levels and vault maps discovered:
D:1:      spicycebolla_arrival_clurvy, layout_basic
D:2:      layout_basic, serial_shops, shop, kennysheep_nondescript,
          uniq_terence, uniq_jessica, uniq_robin
D:3:      layout_rooms, old_standard_altar, old_standard_altar,
          nicolae_elyvilon_peaceful_grove, kennysheep_orc_chapel, uniq_sigmund,
          uniq_grinder
D:4:      layout_cave_pools, serial_park, serial_park_square3
          [serial_park_minivault_5x5_1], serial_park_tiny_pond,
          serial_park_square3 [serial_park_minivault_5x5_7], serial_park_tiny_2,
          serial_park_tiny_pond, serial_park_gazebo
          [serial_park_minivault_5x5_3], kennysheep_minor_cross,
          minmay_crystal_water, nicolae_underground_beach, uniq_pikel
D:5:      layout_loops_ring, nicolae_uskayaw_dance_hall,
          biasface_ghost_orc_armoury, hangedman_decor_push,
          nicolae_specific_store, corexii_corridor_pit
D:6:      layout_basic, amcnicky_altar_gilded, minmay_temple_entry_wispy
D:7:      layout_basic, nicolae_qazlal_style_of_elements,
          mainiacjoe_overflow_six_doors_small
D:8:      layout_cave_pools, slow_altar_1, grunt_temple_overflow_open,
          david_lair_shrubbed, enter_ossuary_1, hex_medium, grunt_ministairs_9,
          minmay_holes, minmay_shop_grid_forest, uniq_psyche
D:9:      layout_irregular_city, trog_butcher_becter, overflow_temple_1_default,
          serial_shops, shop, minmay_hollow_rounded_squares
D:10:     layout_loops_ring, mainiacjoe_overflow_brackets,
          mainiacjoe_overflow_boulevard, serial_shops, nicolae_shop_statue_plus,
          hangedman_ranch
D:11:     layout_loops_cross, uniq_maurice, uniq_nergalle, uniq_lodul,
          uniq_harold
D:12:     layout_basic, orc_0_dummy
Temple:   hellmonk_temple_flake
Lair:1:   layout_regular_city, grunt_megastairs_4
Lair:2:   layout_hall_layers, minmay_swamp_entry_reptiles,
          nicolae_spider_entry_orb_guardian, lemuel_fruit_fields
Lair:3:   layout_misc_corridors, grunt_megastairs_2, lemuel_fruit_fields
Lair:4:   gammafunk_worm_tunnel, layout_hall_layers, minmay_slime_entry_pillars
Lair:5:   hangedman_lair_in_review, layout_long_grid, basic_altar,
          nicolae_volcano_entry_s_turn, serial_bayou_shore_b, grunt_megastairs_1
Orc:1:    emtedronai_trogs_sanctum, layout_diamond_mine, mines1_david
Orc:2:    st_orc_congregation, layout_diamond_mine, uniq_donald

Skill      XL: |  1  2  3  4  5  6  7  8  9 10 11 12 13 14 15 |
---------------+----------------------------------------------+-----
Armour         | 4 5 6 7 8 9 11 12 13 14 15 | 15.7
Shields        | 4 5 6 8 9 11 12 13 14 15 | 15.4
Fighting       | 4 5 6 8 9 11 12 13 14 15 | 15.3
Maces & Flails | 3 4 5 7 8 9 11 12 13 14 | 14.0

Action                     |  1- 3 |  4- 6 |  7- 9 | 10-12 | 13-15 || total
---------------------------+-------+-------+-------+-------+-------++-------
  Melee: Flail             |   155 |   168 |   428 |   685 |       ||  1436
         Mace              |       |       |       |   131 |  1463 ||  1594
  Throw: Dart              |       |       |     8 |     1 |       ||     9
         Throwing net      |       |       |     1 |       |       ||     1
 Invoke: Heroism           |       |       |       |     3 |     2 ||     5
    Use: Scroll            |       |       |    15 |    12 |     6 ||    33
         Potion            |       |       |       |     8 |     6 ||    14
 Armour: Scale mail        |    98 |    28 |       |       |       ||   126
         Chain mail        |       |    75 |   287 |    73 |       ||   435
         Plate armour      |       |       |       |   737 |  1082 ||  1819
  Dodge: Dodged            |    96 |    67 |   147 |   342 |   712 ||  1364
  Block: Buckler           |    43 |    46 |    95 |   316 |   559 ||  1059

Table legend: (Time is in decaauts)
 A = Elapsed time spent in this place.
 B = Non-inter-level travel time spent in this place.
 C = Inter-level travel time spent in this place.
 D = Time resting spent in this place.
 E = Time spent auto-exploring this place.
 F = Levels seen in this place.
 G = Mean time per level.
                   A        B        C        D        E       F      G
               +--------+--------+--------+--------+--------+-----+--------+
         Total |  20178 |  18934 |   1244 |   2773 |  10756 |  22 |  917.2 |
       Dungeon |  12303 |  11377 |    926 |   1402 |   6930 |  12 | 1025.2 |
        Temple |    304 |    304 |      0 |     90 |    150 |   1 |  304.0 |
          Lair |   4659 |   4394 |    265 |    347 |   2646 |   5 |  931.8 |
  Orcish Mines |   1759 |   1706 |     53 |    411 |    712 |   2 |  879.5 |
       Ossuary |    830 |    830 |      0 |    521 |    170 |   1 |  830.0 |
       Volcano |    320 |    320 |      0 |      0 |    148 |   1 |  320.0 |
               +--------+--------+--------+--------+--------+-----+--------+

Top non-repeatable levels by time:
     D:2: 1684 daAuts
   Orc:1: 1280 daAuts
     D:5: 1263 daAuts
  Lair:5: 1262 daAuts
     D:3: 1231 daAuts
     D:9: 1215 daAuts
     D:7: 1168 daAuts
     D:1: 1098 daAuts
     D:4: 1019 daAuts
     D:8: 1000 daAuts
  Lair:1: 937 daAuts
  Lair:4: 912 daAuts
 Ossuary: 830 daAuts
  Lair:2: 781 daAuts
  Lair:3: 765 daAuts
